 Dungeon Crawl Stone Soup version 0.25.0-1-g7eea58d2a3 (webtiles) character file.

Game seed: 15031716485367046195

44 HungrySpirit the Digger (level 3, -3/28 HPs)
             Began as a Hill Orc Earth Elementalist on June 14, 2020.
             Slain by Robin
             ... wielding a +4 mace of protection
              (8 damage)
             ... on level 2 of the Dungeon.
             The game lasted 00:02:43 (1669 turns).

HungrySpirit the Digger (HOEE)                      Turns: 1669, Time: 00:02:43

Health: -3/28      AC:  3    Str: 11    XL:     3   Next: 62%
Magic:  4/5        EV: 11    Int: 15    God:
Gold:   70         SH:  0    Dex: 11    Spells: 4/5 levels left

rFire    . . .     SeeInvis .   h - +0 whip
rCold    + . .     Gourm    .   (no shield)
rNeg     . . .     Faith    .   e - +0 leather armour
rPois    .         Spirit   .   (no helmet)
rElec    .         Reflect  .   (no cloak)
rCorr    .         Harm     .   (no gloves)
MR       .....                  (no boots)
Stlth    +.........             (no amulet)
HPRegen  0.09/turn              k - ring of protection from cold
MPRegen  0.09/turn              (no ring)

@: no status effects
A: no striking features
a: no special abilities


You were on level 2 of the Dungeon.
You were not hungry.

You visited 1 branch of the dungeon, and saw 2 of its levels.

You collected 70 gold pieces.

Inventory:

Hand Weapons
 a - a +0 club
 h - a +0 whip (weapon)
Missiles
 b - 75 stones (quivered)
Armour
 e - a +0 leather armour (worn)
Jewellery
 k - a ring of protection from cold (left hand)
Scrolls
 c - a scroll of magic mapping {unknown}
 f - a scroll of enchant weapon {unknown}
 i - a scroll of fog {unknown}
 m - a scroll of amnesia {unknown}
 n - a scroll of identify {unknown}
Potions
 g - a potion of ambrosia {unknown}
 j - a potion of magic {unknown}
 l - 2 potions of curing
 o - 2 potions of might {unknown}
Comestibles
 d - 4 rations
 p - 3 chunks of flesh


   Skills:
 + Level 1.6 Fighting
 * Level 2.3 Maces & Flails
 + Level 1.5 Armour
 - Level 1.5 Dodging
 - Level 1.5 Stealth
 - Level 1.5 Spellcasting
   Level 0.6 Transmutations
 - Level 3.0 Earth Magic


You had 4 spell levels left.
You knew the following spells:

 Your Spells              Type           Power        Failure   Level  Hunger
a - Sandblast             Erth           ##....       9%          1    ##.....

Your spell library contained the following spells:

 Spells                   Type           Power        Failure   Level  Hunger
 Passwall                 Tmut/Erth      #.......     22%         2    ###....
 Stone Arrow              Conj/Erth      #.....       45%         3    ####...
 Petrify                  Tmut/Erth      #.......     82%         4    #####..
 Lee's Rapid Deconstruct  Erth           ##........   94%         5    ######.


Dungeon Overview and Level Annotations

Branches:
Dungeon (2/15)

Altars:

Annotations:
D:2 Robin


Message History

You hit the goblin.
You kill the goblin!
You see here a +0 club.
A dart slug comes into view.
You hit the dart slug.
The dart slug is heavily wounded.
The dart slug bites you.
* * * LOW HITPOINT WARNING * * *
The dart slug closely misses you. The dart slug closely misses you.
The dart slug launches a dart at you. The slug dart hits you.
* * * LOW HITPOINT WARNING * * *
There is an escape hatch in the floor here.
You feel better.
Robin hits you with a +4 mace of protection.
* * * LOW HITPOINT WARNING * * *
There is a stone staircase leading up here.
Robin hits you with a +4 mace of protection!
You die...

#...........#
#.......##
#...(...#
######..# #
#..###.# #.>w...#
#...####
.######..g#######
.........@.......
########..#######
####


You could see Robin and a dart slug.

Vanquished Creatures
  A worm (D:2)
  A dart slug (D:1)
  A giant cockroach (D:1)
  14 goblins
  4 hobgoblins (D:1)
  3 jackals (D:1)
  A kobold (D:1)
  4 bats (D:1)
  A frilled lizard (D:1)
  5 rats
35 creatures vanquished.

Notes
Turn   | Place    | Note
-------+----------+-------------------------------------------
     0 | D:1      | HungrySpirit the Hill Orc Earth Elementalist began the
                  | quest for the Orb.
     0 | D:1      | Reached XP level 1. HP: 14/14 MP: 3/3
    92 | D:1      | Reached skill level 1 in Maces & Flails
    92 | D:1      | Reached XP level 2. HP: 10/22 MP: 2/4
   388 | D:1      | Reached skill level 1 in Fighting
   388 | D:1      | Reached skill level 1 in Armour
   756 | D:1      | Reached XP level 3. HP: 5/28 MP: 1/5
  1399 | D:2      | Noticed Robin
  1669 | D:2      | Slain by Robin

Illustrated notes

Levels and vault maps discovered:
D:1:      doesnt_arrival_eight_statues, layout_rooms
D:2:      layout_basic, nicolae_ru_path_of_blood, first_ration, uniq_robin

Skill      XL: |  1  2  3 |
---------------+----------+-----
Maces & Flails | 1 2 |  2.3
Fighting       | 1 |  1.6
Armour         | 1 |  1.5
Dodging        | |  1.5
Stealth        | |  1.5
Spellcasting   | |  1.5
Transmutations | |  0.6
Earth Magic    | |  3.0

Action                   || total
-------------------------++-------
Melee: Club              ||    12
       Whip              ||    94
 Cast: Sandblast         ||    26
  Use: Potion            ||     2
  Eat: Chunk             ||     3
Armor: Robe              ||     1
       Leather armour    ||    33
Dodge: Dodged            ||    85
